 Dungeon Crawl Stone Soup version 0.14.0-15-g6b16f67 (webtiles) character file.

2034 Heini the Protected (level 8, -7/71 HPs)
             Began as a Minotaur Fighter on Apr 18, 2014.
             Was an Initiate of Okawaru.
             Mangled by an orc warrior
             ... wielding a cursed -3,-3 trident
              (16 damage)
             ... on Level 8 of the Dungeon.
             The game lasted 00:22:48 (6343 turns).

Heini the Protected (Minotaur Fighter)              Turns: 6343, Time: 00:22:50

HP  -7/71        AC  9     Str 23      XL: 8   Next: 78%
MP   4/4         EV  7     Int  5      God: Okawaru [......]
Gold 284         SH 19     Dex 10      Spells:  0 memorised,  7 levels left

rFire  . . .     SeeInvis .     H - +3,+1 mace (holy)
rCold  . . .     Clarity  .     q - +1 scale mail
rNeg   . . .     Conserve .     c - +0 shield
rPois  .         rCorr    .     (helmet restricted)
rElec  .         rRot     .     (no cloak)
SustAb . .       Spirit   .     (no gloves)
rMut   .         Warding  .     (no boots)
Gourm  +         Stasis   .     B - amulet of the gourmand
MR     .....                    (no ring)
                                (no ring)

@: not resistant to hostile enchantments, extremely unstealthy
A: retaliatory headbutt, horns 2
a: Renounce Religion


You were on level 8 of the Dungeon.
You worshipped Okawaru.
Okawaru was noncommittal.
You were full.

You visited 2 branches of the dungeon, and saw 9 of its levels.

You collected 340 gold pieces.
You spent 56 gold pieces at shops.

Inventory:

Hand weapons
 a - a +0,+0 flail
 j - a +0,+3 whip of electrocution
 H - a +3,+1 mace of holy wrath (weapon)
 I - a +0,+0 flail
 N - a +0,+0 morningstar
Armour
 b - a +0 scale mail
 c - a +0 shield (worn)
 q - a +1 scale mail (worn)
Magical devices
 v - a wand of draining (6)
 y - a wand of cold (6)
 z - a wand of random effects (16)
 L - a wand of random effects (17)
 O - a wand of magic darts (11) {unknown}
Comestibles
 d - 12 bread rations
 f - a pear
 i - a lemon
 E - 2 apples
 K - a choko
 Q - a slice of pizza
Scrolls
 k - 2 scrolls of recharging
 m - 2 scrolls of enchant armour
 n - a scroll of identify
 o - 4 scrolls of magic mapping {unknown}
 r - 4 scrolls of teleportation {unknown}
 s - 3 scrolls of enchant weapon II
 t - a scroll of random uselessness {unknown}
 u - 4 scrolls of remove curse {unknown}
 w - a scroll of enchant weapon I {unknown}
 D - 2 scrolls of fear
 F - a scroll of fog {unknown}
Jewellery
 B - an amulet of the gourmand (around neck)
 C - an uncursed ring of magical power
 G - an uncursed ring of fire
 P - an uncursed ring of wizardry {unknown}
Potions
 e - 4 potions of might
 g - 2 potions of restore abilities
 h - 5 potions of curing
 l - a potion of cure mutation {unknown}
 p - 3 potions of agility
 x - 2 potions of invisibility
 J - 3 potions of haste {unknown}
Books
 A - a book of Battle

   Spells                             Type                      Level
   Infusion                           Charms                       1
   Shroud of Golubria                 Charms/Translocation         2
   Song of Slaying                    Charms                       2
   Spectral Weapon                    Hexes/Charms                 3
   Regeneration                       Charms/Necromancy            3
 M - a book of the Sky

   Spells                             Type                      Level
   Flight                             Charms/Air                   3
   Airstrike                          Air                          4
   Silence                            Hexes/Air                    5
   Deflect Missiles                   Charms/Air                   6
   Conjure Ball Lightning             Conjuration/Air              6
   Tornado                            Air                          9


   Skills:
 * Level 6.7 Fighting
 * Level 7.9 Maces & Flails
 * Level 8.4 Armour
 + Level 5.0 Dodging
 - Level 3.9 Shields
 + Level 0.8 Evocations


You had 7 spell levels left.
You didn't know any spells.

Dungeon Overview and Level Annotations

Branches:
Dungeon (8/15)             Temple (1/1) D:6
   Lair: D:8-11

Altars:
Ashenzari
Cheibriados
Elyvilon
Fedhas
Kikubaaqudgha
Makhleb
Okawaru
Sif Muna
Trog
Vehumet
Xom
Yredelemnul
Zin
The Shining One

Shops:
D:4 (   D:6 ?   D:7 :=


Innate Abilities, Weirdness & Mutations

You reflexively headbutt those who attack you in melee.
You have a pair of horns on your head.


Message History

You feel sick.
The orc warrior hits you but does no damage.
You hit the orc warrior. Your headbutt misses the orc warrior.
The orc warrior is severely wounded.
The orc warrior hits you with a glowing trident.
* * * LOW HITPOINT WARNING * * *
You hit the orc warrior but do no damage.
The orc warrior is severely wounded.
The orc warrior hits you with a glowing trident!
* * * LOW HITPOINT WARNING * * *
You hit the orc warrior but do no damage.
The orc warrior is severely wounded.
The orc wizard hits you but does no damage.
You hit the orc wizard.
You kill the orc wizard!
Okawaru accepts your kill.
You feel sick.
You are no longer poisoned.
The orc warrior hits you with a glowing trident!
You die...

#..........#
#...........#
###........###
#..........#
#..........#####
............#..##
...............#
.....>...#.#..##
........#.#@##
........#.)o##
#.......#....###...
..................
.............[...
.................
................
.............%.
...........?.


You could see an orc warrior.

Vanquished Creatures
  Grinder (D:3)
  A spriggan (D:7)
  A phantom (D:7)
  An ogre (D:7)
  2 giant frogs (D:7)
  2 scorpions
  3 wights (D:7)
  A crimson imp (D:7)
  An iguana (D:5)
  3 hounds
  3 jellies
  3 orc priests
  6 worker ants
  4 orc wizards
  A gnoll (D:1)
  8 adders
  A shadow imp (D:7)
  A giant mite (D:5)
  4 worms
  3 giant eyeballs
  14 orcs
  4 giant cockroaches
  15 goblins
  18 hobgoblins
  19 jackals
  2 quokkas
  2 ball pythons
  13 bats
  5 giant newts
  A goblin skeleton (D:4)
  A hobgoblin skeleton (D:4)
  10 kobolds
  9 rats
163 creatures vanquished.

Notes
Turn   | Place    | Note
--------------------------------------------------------------
     0 | D:1      | Heini, the Minotaur Fighter, began the quest for the Orb.
     0 | D:1      | Reached XP level 1. HP: 19/19 MP: 1/1
   112 | D:1      | Reached skill level 4 in Armour
   115 | D:1      | Reached XP level 2. HP: 23/26 MP: 1/1
   237 | D:1      | Reached XP level 3. HP: 4/33 MP: 2/2
   730 | D:2      | Reached skill level 1 in Dodging
  1011 | D:2      | Reached XP level 4. HP: 40/40 MP: 2/2
  1786 | D:3      | Noticed Grinder
  1788 | D:3      | Paralysed by Grinder for 4 turns
  1799 | D:3      | Killed Grinder
  1799 | D:3      | Reached skill level 5 in Armour
  1799 | D:3      | Reached XP level 5. HP: 36/47 MP: 2/2
  1799 | D:3      | Reached XP level 6. HP: 40/53 MP: 3/3
  2097 | D:3      | Reached skill level 6 in Armour
  2420 | D:3      | Found a deep blue altar of Sif Muna.
  2589 | D:4      | Reached skill level 5 in Fighting
  2715 | D:4      | Reached skill level 5 in Maces & Flails
  2785 | D:4      | Paralysed by a giant eyeball for 4 turns
  2791 | D:4      | Paralysed by a giant eyeball for 2 turns
  2794 | D:4      | Reached XP level 7. HP: 55/61 MP: 3/3
  2867 | D:4      | Found Ozutegik's Weapon Boutique.
  2887 | D:4      | Paralysed by a giant eyeball for 4 turns
  3161 | D:5      | Entered Level 5 of the Dungeon
  3792 | D:6      | Found Jeg Duolo's Magic Scroll Shop.
  3818 | D:6      | Bought a scroll of identify for 28 gold pieces
  3818 | D:6      | Bought a scroll of identify for 28 gold pieces
  4003 | D:6      | Reached skill level 7 in Armour
  4381 | D:6      | Found a staircase to the Ecumenical Temple.
  4589 | D:7      | Reached XP level 8. HP: 44/69 MP: 3/3
  5260 | Temple   | Entered the Ecumenical Temple
  5345 | Temple   | Became a worshipper of Warmaster Okawaru
  5575 | D:7      | Found Usuankuli's Jewellery Shoppe.
  5800 | D:7      | Found Ucry's Book Boutique.
  5904 | D:7      | Reached skill level 8 in Armour
  5910 | D:7      | Paralysed by a giant eyeball for 2 turns
  5916 | D:7      | Paralysed by a giant eyeball for 3 turns
  6075 | D:7      | Noticed a spriggan baker
  6090 | D:7      | Killed a spriggan baker
  6325 | D:8      | Reached skill level 5 in Dodging
  6343 | D:8      | Mangled by an orc warrior

Action                   |  1- 3 |  4- 6 |  7- 9 || total
-------------------------+-------+-------+-------++-------
Melee: Flail             |    55 |       |       ||    55
       Whip              |    47 |   147 |    68 ||   262
       Mace              |       |       |   156 ||   156
Evoke: Wand              |       |       |     5 ||     5
  Use: Scroll            |       |     5 |     6 ||    11
